[Event "45th FIDE Olympiad 2024"]
[Site "Budapest"]
[Date "2024.09.18"]
[Round "7.48"]
[White "Zhalmakhanov, Ramazan"]
[Black "Muradli, Mahammad"]
[Result "0-1"]
[ECO "B90"]
[WhiteElo "2497"]
[BlackElo "2576"]
[Annotator "TA"]
[PlyCount "126"]
[EventDate "2024.09.05"]
[EventType "team-tourn"]
[EventCountry "HUN"]
[SourceTitle "playchess.com"]
[Source "ChessBase"]
[SourceQuality "1"]
[WhiteTeam "Kazakhstan"]
[BlackTeam "Azerbaijan"]
[WhiteTeamCountry "KAZ"]
[BlackTeamCountry "AZE"]
[TimeControl "40/5400+30:1800+30"]

1. e4 c5 2. Nf3 d6 3. d4 cxd4 4. Nxd4 Nf6 5. Nc3 a6 6. h3 e5 7. Nb3 Be7 8. g4 h6 9. Be3 b5 {[%emt 0:00:14] The position is equal.} 10. Nd5 Bb7 11. Bb6 Qc8 12. Nc7+ Kf8 13. f3 (13. Nxa8 $5 Bxe4 14. Rg1 Bxa8 15. Be3 $15) 13... Nbd7 14. Nxa8 d5 {[%emt 0:02:49] [#]} (14... Qxa8 $5 15. Bf2 (15. Be3 Bxe4 16. Be2 Bc6 $15) 15... Bxe4 $11) 15. exd5 Nxd5 16. Bf2 Qxa8 17. Rg1 (17. a4 $5 bxa4 18. Rxa4 $11) 17... g6 18. c3 (18. h4 $11 {deserves consideration.}) 18... Kg7 $15 19. Na5 Rd8 20. Nxb7 Qxb7 21. Qc2 b4 {[%emt 0:15:06] next ...bxc3 is good for Black.} 22. O-O-O $1 bxc3 23. Bc4 cxb2+ 24. Kb1 $1 N7f6 {[%emt 0:01:08] Black wants to play ...Rc8.} 25. Qb3 Qc6 (25... Qxb3 $11 26. Bxb3 Nc3+ 27. Kxb2 Nxd1+ 28. Rxd1 Rxd1 29. Bxd1 Nd5) 26. Bg3 $1 $14 e4 (26... Nb6 $16 27. Bxf7 Bc5 28. Rxd8 (28. Bxe5 Bxg1 29. Rxg1 Rf8 $15) 28... Bxg1) 27. Be5 $1 $18 (27. Kxb2 $2 exf3 28. Kb1 (28. Rgf1 $2 Nb6 $19) 28... Qc5 29. Bxd5 Nxd5 $19) 27... Nb6 28. Bxf7 ({Only move:} 28. Bxa6 $18 {Strongly threatening Bb5.} exf3 29. Rxd8 Bxd8 30. Bd4) 28... exf3 $11 29. Rxd8 (29. Kxb2 $2 f2 30. Rgf1 Qe4 31. Rxf2 Qxe5+ 32. Kb1 Rxd1+ 33. Qxd1 Kxf7 $19) 29... Bxd8 30. Bxb2 {[%emt 0:01:13] A strong pair of Bishops.} (30. Kxb2 $2 Na4+ (30... Qc5 $2 31. Qe6 $19) 31. Kb1 (31. Ka1 $2 Qc5 $19) 31... Qe4+ 32. Qc2 Qxe5 $19 (32... Kxf7 $2 33. Qxe4 Nxe4 34. Kc2 $19)) 30... Qe4+ 31. Ka1 {[%emt 0:00:08] Bg8 would now be deadly.} Na4 (31... f2 $1 $11 32. Rd1 Qe2) 32. Bd5 $18 f2 33. Rc1 (33. Bxe4 $2 fxg1=Q+ (33... fxg1=R+ $2 34. Bb1 $18) 34. Bb1 Nxb2 35. Qb7+ Kf8 $19) (33. Rd1 $1 $16 Qf4 (33... Qe1 $2 34. Qxa4 f1=Q 35. Qd7+ Be7 36. Qxe7+ Qxe7 37. Rxf1 $18) 34. Qc4 Qxc4 35. Bxc4 Nxb2 36. Kxb2 (36. Rxd8 $2 Nxc4 37. Rd1 Ne3 $19)) 33... Qe1 $11 34. Bc4 Nxb2 35. Qxb2 (35. Kxb2 $11 {and White is okay.} h5 36. g5 Qe5+ 37. Qc3 Qxg5 38. Bxa6) 35... Bc7 $1 $19 36. Kb1 Qe4+ (36... Bf4 $1 $19 37. Qb7+ Kh8 38. Qc8+ Ne8 39. Bxa6 Bxc1 (39... Qxc1+ 40. Qxc1 Bxc1 41. Kxc1 $18) 40. Qxc1 Kh7) 37. Qc2 $11 Qf4 38. Rd1 Be5 39. Qb3 h5 40. gxh5 Nxh5 41. Bd3 $2 {[%emt 0:14:00] [#]} (41. Qb7+ $11 {and White has nothing to worry.} Kh6 42. Qd5) 41... Ng3 ({Black should play} 41... Bf6 $1 $19 {White must now prevent ...Qe5.} 42. Kc2 Qe5 43. Bxa6 Ng3) 42. Qc4 $1 $15 Qf3 {[%emt 0:02:18][%mdl 1024] Black has compensation.} 43. Kc2 a5 44. Qe6 Bf6 (44... f1=B $2 45. Qxe5+ Qf6 46. Qxf6+ (46. Qxg3 Bxd3+ 47. Qxd3 Kh7 $18) (46. Qxa5 Bxh3 47. Qc7+ Qf7 $18) 46... Kxf6 47. Bxf1 $18) 45. Qg4 Qc6+ 46. Qc4 Qd6 (46... Qb7 $15 47. Rb1 Qf3) 47. Qg4 (47. Qg8+ $11 {remains equal.} Kxg8 48. Bc4+ Kg7 49. Rxd6) 47... Qc5+ 48. Qc4 Qe5 49. Rb1 {[%emt 0:00:20] Prevents Qb2+} Kh6 (49... Nf5 $1 $15 50. Bxf5 Qxf5+ 51. Qd3 Qe6) 50. Rb5 $11 Qe3 51. Rb1 a4 52. Qf7 Ne4 53. Qf8+ $1 Kh5 (53... Bg7 $5 54. Qb4 $8 Bd4 $11) 54. Qb4 {[%emt 0:00:16][%csl LRa4,LRe4] Prevents Qd2+} Bc3 $40 {[%emt 0:01:57][%csl Gc3,Ge4][%cal Re3d2][%mdl 128] White needs to defend precisely. Really sharp!} 55. Qb5+ Kh6 (55... Kh4 $5 56. Rd1 $8 Be1 $11 (56... Kxh3 $2 57. Qc4 $18)) 56. Rd1 {[%emt 0:00:07] Dodges Qd2+. Threatens to win with Bxe4.} Bf6 57. Qc4 {[%emt 0:00:56] [#]} (57. Qc6 $2 f1=Q 58. Bxf1 Qf2+ 59. Kd3 Qd4+ 60. Kc2 Qb2+ 61. Kd3 Nf2+ 62. Kc4 Nxd1 $19) (57. Qb4 $1 $11 Bd4 58. Qf8+ (58. Qe7 f1=Q 59. Qh4+ Kg7 60. Qe7+ Qf7 61. Qxf7+ Kxf7 62. Rf1+ Kg7 63. Bxe4 Qe2+ 64. Kc1 Be3+ 65. Kb1 a3) 58... Kg5 59. Qe7+ Nf6 60. Qxe3+ Bxe3 61. Bf1) 57... Nc5 {[%emt 0:00:57] Black has more active pieces.} (57... Bd4 $6 58. Bf1 (58. Qe6 f1=Q 59. Qg4 Qff2+) 58... Bf6 59. Rd3 $15) (57... Ng3 $1 $17 {Hoping for ...Qe5.} 58. Rb1 f1=B 59. Rxf1 Nxf1 60. Bxf1 Qb6) 58. Bf1 Ne6 59. Bd3 $2 (59. Rd3 $17 Qe5 (59... Nd4+ $2 60. Rxd4 Bxd4 61. Qd3 $19) 60. Rd5) 59... Qe5 $2 (59... Qxh3 $2 {too greedy.} 60. Qe4 Qg3 (60... Nd4+ $2 61. Kb1 $18) 61. Rh1+ (61. Qxe6 Qc7+ 62. Qc4 Qe5 $18) 61... Kg7 62. Qxe6 $18) (59... Nd4+ 60. Kb1 Qf3 (60... Qxh3 61. Qc1+ Kg7 62. Qc7+ Kh8 63. Qb8+ Kg7 64. Qb7+ Kf8 65. Qb4+ Kg7 66. Qb7+ Kf8 67. Qb8+ Kg7 68. Qb7+ $11) 61. Qxa4 Qb7+ (61... Qxh3 62. Qc4 $11) 62. Kc1 Bg5+ 63. Rd2 Nf3 (63... Bxd2+ $2 64. Kxd2 Qb2+ 65. Ke3 $19)) 60. Kd2 $2 (60. Bf1 $19) 60... Bg5+ {[%emt 0:00:44] Black mates.} 61. Kc2 Nd4+ 62. Kb1 Qb8+ 63. Ka1 {[%emt 0:00:12] [#]} Nc2+ $1 {[%emt 0:00:23][%mdl 512] What a fight!   Weighted Error Value: White=0.35/Black=0.24 (precise) .  Loses game:     	White=3     	---        Missed win:     	White=1     	Black=1      Mistake:       	White=5     	Black=8      Inaccurate:     	White=1     	Black=3      OK:         	White=17    	Black=20     Best:        	White=10    	Black=7      Strong:       	White=6     	Black=1} 0-1

[Event "45th FIDE Olympiad 2024"]
[Site "Budapest"]
[Date "2024.09.18"]
[Round "7.48"]
[White "Al Mashikhi, Mohammed Alyan"]
[Black "Naipal, Hoolan"]
[Result "1-0"]
[WhiteElo "1959"]
[BlackElo "1851"]
[PlyCount "47"]
[EventDate "2024.09.05"]
[EventType "team-tourn"]
[EventCountry "HUN"]
[WhiteTeam "Oman"]
[BlackTeam "Mauritius"]
[WhiteTeamCountry "OMN"]
[BlackTeamCountry "MRI"]
[TimeControl "40/5400+30:1800+30"]

1. e4 c5 2. Nf3 g6 3. d4 cxd4 4. Nxd4 Bg7 5. Nc3 Nc6 6. Be3 Nh6 7. f3 O-O 8. Nxc6 dxc6 9. Qc1 Ng4 10. fxg4 Bxc3+ 11. bxc3 Bxg4 12. Bd3 Qa5 13. Qb2 e5 14. O-O Kg7 15. h3 Be6 16. Qxb7 Qxc3 17. Qe7 h5 18. Qf6+ Kh7 19. Rab1 c5 20. Qg5 Rh8 21. Rb7 Raf8 22. Re7 Bxa2 23. Rf6 Kg7 24. Qxg6# 1-0

[Event "45th FIDE Olympiad 2024"]
[Site "Budapest"]
[Date "2024.09.18"]
[Round "7.49"]
[White "Shirov, Alexei"]
[Black "Neiksans, Arturs"]
[Result "1/2-1/2"]
[ECO "A88"]
[WhiteElo "2666"]
[BlackElo "2571"]
[Annotator "TA"]
[PlyCount "86"]
[EventDate "2024.09.05"]
[EventType "team-tourn"]
[EventCountry "HUN"]
[SourceTitle "playchess.com"]
[Source "ChessBase"]
[SourceQuality "1"]
[WhiteTeam "Spain"]
[BlackTeam "Latvia"]
[WhiteTeamCountry "ESP"]
[BlackTeamCountry "LAT"]
[TimeControl "40/5400+30:1800+30"]

1. d4 f5 2. g3 Nf6 3. Bg2 g6 4. Nf3 Bg7 5. c4 O-O 6. Nc3 d6 7. O-O c6 8. d5 e5 9. dxe6 Bxe6 10. b3 Na6 11. Bf4 Nh5 {[%emt 0:03:17] [#] ...Nxf4 is the strong threat.} 12. Bg5 Qa5 13. Qxd6 Rae8 14. Na4 Bxa1 15. Rxa1 Bxc4 16. bxc4 {[%emt 0:01:54] [#] aiming for Qd1.} Qxa4 17. Rb1 Rf7 (17... Qxc4 $11 {remains equal.} 18. Rxb7 Nc5) 18. Ne5 $16 Qxa2 19. Rd1 {[%emt 0:03:56] White is more active.} (19. Nxf7 $16 {White wants to mate with Nh6+.} Qxb1+ 20. Bf1) 19... Rc7 $1 $14 20. Bh6 (20. Bf3 $1 $14 Ng7 21. Bd8 (21. Nd7 Rxd7 22. Qxd7 Nc5 $11)) 20... Ng7 $1 $11 21. Nd7 {[%emt 0:08:07] Threatening mate with Nf6+.} Qxe2 22. Nf6+ Kf7 23. Bxg7 ({But not} 23. Nxh7 Ne6 24. Ng5+ Nxg5 25. Bxg5 Qe6 $17 (25... Qxc4 26. Qf6+ Kg8 27. Qxg6+ Kf8 28. Bh6+ Ke7 29. Re1+)) (23. Bf1 $5 Qe7 $8 24. Nxe8 Nxe8 25. Qd4 $15) 23... Kxg7 24. Bf1 {[%emt 0:00:06] Dancing on a razor blade.} Qe7 25. Nxe8+ Qxe8 26. Qd4+ Kh6 27. Qh4+ Kg7 {[%emt 0:00:03] Strongly threatening ...Qe5.} 28. Qd4+ Kh6 29. c5 {[%emt 0:01:24] Hoping for Qd2+.} Qe7 30. Bxa6 bxa6 {[%emt 0:00:02][%mdl 4096] Endgame. KQR-KQR} 31. Qf4+ Kg7 32. h4 Rd7 33. Rd6 Rxd6 34. cxd6 {[%emt 0:00:06] KQ-KQ} Qd7 ({Not} 34... Qe4 $2 35. Qxe4 fxe4 36. d7 $18) 35. Qd4+ Kf7 36. Qc4+ (36. f4 $5) 36... Kf6 37. Qxa6 Qxd6 ({Black should try} 37... c5 $15) 38. Qxa7 h5 39. Qa1+ Kf7 40. Qa2+ Ke7 (40... Qe6 $1 $15 41. Qa5 Qe7) 41. Qa7+ {[%emt 0:30:36] The position is equal.} Kf6 42. Qa1+ Qe5 43. Qa8 Qd6 {[%emt 0:00:00] Weighted Error Value: White=0.08 (flawless) /Black=0.08 (flawless) .  Mistake:       	White=2     	Black=3      Inaccurate:     	White=2     	---        OK:         	White=19    	Black=10     Best:        	White=1     	Black=4      Strong:       	---       	Black=2} 1/2-1/2

[Event "45th FIDE Olympiad 2024"]
[Site "Budapest"]
[Date "2024.09.18"]
[Round "7.49"]
[White "Pereira, Sergio"]
[Black "Mathurin, Nathaniel"]
[Result "0-1"]
[WhiteElo "1988"]
[BlackElo "1982"]
[PlyCount "114"]
[EventDate "2024.09.05"]
[EventType "team-tourn"]
[EventCountry "HUN"]
[WhiteTeam "Sao Tome and Principe"]
[BlackTeam "Saint Lucia"]
[WhiteTeamCountry "SAO"]
[TimeControl "40/5400+30:1800+30"]

1. e4 c5 2. Nc3 e6 3. Nge2 a6 4. g3 h5 5. h3 Nc6 6. Bg2 Nf6 7. O-O Qc7 8. d4 cxd4 9. Nxd4 Nxd4 10. Qxd4 Bc5 11. Qd3 d6 12. Bf4 Nd7 13. Na4 e5 14. Bg5 Bd4 15. c3 Ba7 16. b4 b5 17. Nb2 Bb7 18. Rad1 Rc8 19. Qxd6 Qxd6 20. Rxd6 Rxc3 21. Nd1 Ra3 22. Be3 Bb8 23. Rd2 Ke7 24. Rc2 Rc8 25. Bc5+ Nxc5 26. bxc5 Ba7 27. Ne3 Rxc5 28. Nf5+ Kf6 29. Rxc5 Bxc5 30. Rc1 g6 31. Ne3 Bxe3 32. fxe3 Ra4 33. Rc2 Bxe4 34. Bxe4 Rxe4 35. Rc6+ Kf5 36. Rxa6 Rxe3 37. Kf2 Rc3 38. Ra5 Ke4 39. Rxb5 Rc2+ 40. Kg1 Rxa2 41. Rb7 f6 42. Rb6 Kf5 43. Kh1 Rd2 44. Ra6 h4 45. g4+ Kg5 46. Re6 Re2 47. Ra6 f5 48. gxf5 gxf5 49. Ra8 e4 50. Rh8 Kf4 51. Rg8 Re3 52. Kh2 Rg3 53. Rh8 e3 54. Rxh4+ Kf3 55. Rh5 f4 56. Re5 e2 57. h4 Kf2 {0-} 0-1

[Event "45th FIDE Olympiad 2024"]
[Site "Budapest"]
[Date "2024.09.18"]
[Round "7.50"]
[White "Meshkovs, Nikita"]
[Black "Anton Guijarro, David"]
[Result "1/2-1/2"]
[ECO "E16"]
[WhiteElo "2534"]
[BlackElo "2665"]
[Annotator "TA"]
[PlyCount "133"]
[EventDate "2024.09.05"]
[EventType "team-tourn"]
[EventCountry "HUN"]
[SourceTitle "playchess.com"]
[Source "ChessBase"]
[SourceQuality "1"]
[WhiteTeam "Latvia"]
[BlackTeam "Spain"]
[WhiteTeamCountry "LAT"]
[BlackTeamCountry "ESP"]
[TimeControl "40/5400+30:1800+30"]

1. Nf3 Nf6 2. d4 e6 3. c4 Bb4+ 4. Bd2 c5 5. Bxb4 cxb4 6. Nbd2 O-O 7. g3 b6 8. Bg2 Bb7 9. O-O a5 10. Rc1 {[%emt 0:07:37] E16: Queen's Indian: 4 g3 Bb7 5 Bg2 Bb4+.} d6 11. Re1 Qc7 12. e4 e5 13. Nh4 $146 ({Predecessor:} 13. Qc2 Nbd7 14. Bh3 Rfe8 15. Bxd7 Nxd7 16. d5 Nc5 17. Nb3 Na6 18. Nbd2 Rf8 19. h4 {0-1 Gascon del Nogal,J (2425)-Martinez Alcantara,J (2620) Titled Tuesday intern op 21st July blitz 2020 (1)}) 13... Nc6 14. Ndf3 g6 15. Qd2 Qe7 16. Qg5 Nd7 17. Qxe7 Nxe7 18. Bh3 Rfd8 19. Rcd1 Nf6 20. dxe5 dxe5 21. Nxe5 Bxe4 22. Nd7 Kg7 23. Rd6 (23. Nxb6 {simplifies} Rxd1 24. Rxd1 Rb8 25. Rd6) 23... Bc6 24. Rxe7 Bxd7 25. Bxd7 Kf8 26. Re2 Nxd7 27. Nf3 Rab8 28. Red2 Ke7 29. Rc6 Rdc8 30. Nd4 Nc5 31. Re2+ Kf8 32. Rf6 ({White should play} 32. b3 $11) 32... Kg7 (32... Re8 $15 {should be considered.} 33. Rxe8+ Kxe8) 33. Rd6 $11 Rd8 34. Nb5 $1 Rxd6 35. Nxd6 Rd8 36. Ne8+ $1 Kf8 37. Nf6 h5 38. Nd5 b5 39. Ne3 bxc4 40. Nxc4 Rd1+ 41. Kg2 a4 42. Nb6 Ra1 43. Nd5 b3 44. axb3 axb3 45. Kf3 g5 46. Ke3 Rc1 47. f4 g4 48. Kd2 Rc2+ 49. Ke3 Rc1 50. Kd4 Na4 51. Ne3 Kg7 52. Rd2 Kg6 53. Rd3 Rc2 54. Rxb3 (54. f5+ Kg5 55. Rxb3 (55. Nxc2 $2 bxc2 56. b3 c1=Q $19) 55... Rd2+ (55... Rxb2 56. Rxb2 Nxb2 57. Ke4 $11) (55... Rxh2 56. Nc4 $11) 56. Kc4 Rxh2 $17 (56... Rxb2 57. Rxb2 Nxb2+ 58. Kd4 $11)) 54... Rd2+ 55. Rd3 Rxb2 56. Ra3 Rd2+ 57. Kc4 Nb2+ 58. Kc3 Rxh2 59. Ra6+ f6 60. f5+ Kg5 61. Ra8 Rf2 62. Rg8+ Kh6 63. Rh8+ Kg5 64. Rg8+ Kh6 65. Rh8+ Kg5 66. Rg8+ Kh6 67. Rh8+ 1/2-1/2

[Event "45th FIDE Olympiad 2024"]
[Site "Budapest"]
[Date "2024.09.18"]
[Round "7.50"]
[White "Gabriel, Sixtus"]
[Black "Espirito Santo, Waldyr"]
[Result "1-0"]
[WhiteElo "1800"]
[BlackElo "1926"]
[PlyCount "151"]
[EventDate "2024.09.05"]
[EventType "team-tourn"]
[EventCountry "HUN"]
[WhiteTeam "Saint Lucia"]
[BlackTeam "Sao Tome and Principe"]
[BlackTeamCountry "SAO"]
[TimeControl "40/5400+30:1800+30"]

1. d4 Nf6 2. Bg5 e6 3. e4 Be7 4. e5 Ng8 5. Be3 d6 6. f4 Nc6 7. Nf3 Nh6 8. c3 Nf5 9. Bf2 h5 10. h4 Bd7 11. Bd3 Nh6 12. Nbd2 Ng4 13. Qe2 d5 14. Ng5 a6 15. Nf1 g6 16. Qc2 Kf8 17. Ne3 Nxe3 18. Bxe3 Kg7 19. O-O-O Na5 20. Rdg1 Bb5 21. g4 Bxd3 22. Qxd3 Bxg5 23. fxg5 Nc6 24. Qf1 Kg8 25. Rh2 Qe7 26. Rf2 Rf8 27. Qd3 Qe8 28. b3 b5 29. Kb1 b4 30. cxb4 Nxb4 31. Qc3 Qb5 32. a3 Nc6 33. gxh5 Rxh5 34. Rg4 Ne7 35. a4 Qb7 36. Rc2 Rb8 37. Ka2 Nf5 38. Bf2 Kg7 39. Rf4 Rhh8 40. Rf3 Rbc8 41. Qe1 c6 42. Rc5 Rh7 43. Ka3 Rch8 44. Qc3 Qe7 45. b4 Rb8 46. a5 Rb5 47. Rxc6 Rxa5+ 48. Kb3 Rb5 49. Rxa6 Qb7 50. Ra4 Nxh4 51. Bxh4 Rxh4 52. Rh3 Rxh3 53. Qxh3 Qc8 54. Qc3 Qd8 55. Qc1 Rb7 56. Ra2 Qb6 57. Qc5 Qd8 58. Qc6 Rb8 59. Qd6 Qh8 60. Ra7 Qh3+ 61. Ka4 Re8 62. Ka5 Qc3 63. Qc5 Qd2 64. Kb6 Qxg5 65. b5 Qh4 66. Ka6 Qf2 67. b6 Rb8 68. Kb5 g5 69. b7 g4 70. Qc7 g3 71. Qxb8 g2 72. Ra8 Qb2+ 73. Kc6 Qc3+ 74. Kd7 Qb2 75. Qh8+ Kg6 76. Qf6+ 1-0

[Event "45th FIDE Olympiad 2024"]
[Site "Budapest"]
[Date "2024.09.18"]
[Round "7.51"]
[White "Vallejo Pons, Francisco"]
[Black "Kantans, Toms"]
[Result "1/2-1/2"]
[ECO "B40"]
[WhiteElo "2657"]
[BlackElo "2486"]
[Annotator "TA"]
[PlyCount "159"]
[EventDate "2024.09.05"]
[EventType "team-tourn"]
[EventCountry "HUN"]
[SourceTitle "playchess.com"]
[Source "ChessBase"]
[SourceQuality "1"]
[WhiteTeam "Spain"]
[BlackTeam "Latvia"]
[WhiteTeamCountry "ESP"]
[BlackTeamCountry "LAT"]
[TimeControl "40/5400+30:1800+30"]

1. e4 c5 2. Nf3 e6 3. b3 Nc6 4. Bb2 a6 5. g3 d5 6. exd5 {[%emt 0:00:26] B40: Sicilian: 2...e6, Unusual lines.} exd5 7. Qe2+ Qe7 8. Qxe7+ Ngxe7 9. Bg2 Bf5 10. d3 O-O-O 11. O-O f6 12. Nbd2 Ng6 13. h4 h5 14. d4 Kc7 15. a3 cxd4 $146 ({Predecessor:} 15... Be7 16. dxc5 Bxc5 17. b4 Ba7 18. c4 dxc4 19. Nxc4 Bd3 20. Rfc1 Rhe8 21. Bf1 Bxf1 22. Kxf1 {1-0 Tilicheev,V (2437)-Perunovic,M (2624) Skopje Mitrov Tikata Memorial rapid 2015 (4)}) 16. Nxd4 Nxd4 17. Bxd4 Ne5 18. Bxe5+ fxe5 19. Rfe1 Bc5 20. b4 Ba7 21. Rxe5 Rhf8 22. Rf1 Bxc2 23. Rc1 Rxf2 24. Rxc2+ Kd6 25. Rxd5+ Ke6 26. Rxd8 Rxd2+ 27. Kf1 Rxc2 28. Bxb7 Rc3 29. Ra8 Bd4 30. Rxa6+ Kf5 31. Kg2 Be5 32. Bf3 Rc2+ 33. Kh3 Rc3 34. Kg2 Rc2+ 35. Kf1 Bxg3 36. Bxh5 Rf2+ 37. Ke1 Bxh4 38. Bg6+ Ke5 39. Kd1 Kd4 40. Rd6+ Kc4 41. Rd7 Bf6 42. Rc7+ Kb3 43. b5 Kxa3 (43... Be5 $11 44. Ra7) 44. b6 $14 Be5 45. Rc5 Bh2 46. b7 Rb2 47. Be4 Rb4 48. Bd5 ({Better is} 48. Bf3 $14) 48... Rb6 (48... Rd4+ $1 $11 49. Ke1 Kb4) 49. Kc2 Bd6 50. Rc8 Kb4 51. Kd3 g5 52. Kd4 Bf4 53. Rc2 Kb5 54. Ra2 Kb4 55. Rb2+ (55. Ke4 $16) 55... Ka5 $11 56. Rc2 Rb4+ 57. Kd3 Ka6 58. Kc3 Rxb7 59. Bxb7+ Kxb7 60. Kd4 Kb6 61. Kd5 Kb7 62. Rc6 g4 63. Rc4 Be3 64. Rxg4 Ba7 65. Rg7+ Ka8 66. Kc6 Bf2 67. Kc7 Be3 68. Rf7 Bd4 69. Rf5 Be3 70. Rf3 Bd4 71. Ra3+ Ba7 72. Rb3 Bf2 73. Rd3 Bg1 74. Rd8+ Ka7 75. Rd1 Bb6+ 76. Kc6 Bf2 77. Ra1+ Kb8 78. Rb1+ Ka8 79. Ra1+ Kb8 80. Ra8+ 1/2-1/2

[Event "45th FIDE Olympiad 2024"]
[Site "Budapest"]
[Date "2024.09.18"]
[Round "7.51"]
[White "Lima, Osvaldo Dos Santos"]
[Black "James, Justin"]
[Result "0-1"]
[WhiteElo "1903"]
[BlackElo "1745"]
[Annotator "RC"]
[PlyCount "104"]
[EventDate "2024.09.05"]
[EventType "team-tourn"]
[EventCountry "HUN"]
[WhiteTeam "Sao Tome and Principe"]
[BlackTeam "Saint Lucia"]
[WhiteTeamCountry "SAO"]
[TimeControl "40/5400+30:1800+30"]

1. c4 c6 2. d4 d5 3. cxd5 cxd5 4. Nc3 Nf6 5. Nf3 Nc6 6. g3 g6 7. Bg2 Bg7 8. O-O e6 9. e3 O-O 10. b3 a6 11. Bb2 b5 12. Rc1 Bb7 13. Ne1 Qe7 14. Nd3 Nd7 15. Qd2 Rab8 16. Nb1 b4 17. Nc5 Nxc5 18. Rxc5 Rfc8 19. Rfc1 a5 20. R1c2 Qd7 21. Qc1 Bf8 22. Nd2 Bxc5 23. dxc5 e5 24. Nf3 f6 25. Rd2 Rd8 26. Ne1 Qf7 27. Bf1 Ne7 28. f3 Bc6 29. Qc2 Kg7 30. g4 Rd7 31. f4 Qe6 32. g5 d4 33. gxf6+ Qxf6 34. fxe5 Qg5+ 35. Ng2 Bxg2 36. h4 Qxe3+ 37. Kxg2 Nf5 38. Rd3 Nxh4+ 39. Kh1 Qxe5 40. Bg2 Nxg2 41. Kxg2 Rc8 42. c6 Qe4+ 43. Kh2 Rxc6 44. Qd2 Rcd6 45. Rh3 Re6 46. Qh6+ Kg8 47. Rg3 Rf7 48. Bc1 Rf2+ 49. Kh3 Qh1+ 50. Kg4 Re4+ 51. Bf4 Rexf4+ 52. Qxf4 Qh5# {0-} 0-1

[Event "45th FIDE Olympiad 2024"]
[Site "Budapest"]
[Date "2024.09.18"]
[Round "7.52"]
[White "Miezis, Normunds"]
[Black "Santos Latasa, Jaime"]
[Result "0-1"]
[ECO "A29"]
[WhiteElo "2417"]
[BlackElo "2624"]
[Annotator "TA"]
[PlyCount "82"]
[EventDate "2024.09.05"]
[EventType "team-tourn"]
[EventCountry "HUN"]
[SourceTitle "playchess.com"]
[Source "ChessBase"]
[SourceQuality "1"]
[WhiteTeam "Latvia"]
[BlackTeam "Spain"]
[WhiteTeamCountry "LAT"]
[BlackTeamCountry "ESP"]
[TimeControl "40/5400+30:1800+30"]

1. c4 e5 2. Nc3 Nf6 3. Nf3 Nc6 4. g3 d5 5. cxd5 Nxd5 6. Bg2 Nb6 7. O-O Be7 8. a3 O-O 9. b4 Be6 10. Rb1 f6 11. d3 a5 12. b5 Nd4 13. Nd2 Qc8 14. e3 Nf5 15. Nde4 a4 {[%emt 0:04:08] The position is equal.} 16. f4 exf4 17. Rxf4 Rd8 18. Qc2 Nh6 19. d4 Nf7 20. Nc5 Bxc5 21. dxc5 Nc4 22. Rb4 Nce5 {[%emt 0:02:18] Threatening ...Bb3.} 23. Rbd4 Bb3 24. Qe2 c6 {[%emt 0:00:28] Prevents Nd5.} 25. bxc6 bxc6 26. Bb2 Ng5 {[%emt 0:03:23] next ...Ne6 is good for Black.} 27. Rxd8+ (27. Ne4 $1 $11) 27... Qxd8 $17 28. Rd4 (28. Rb4 $15) 28... Qf8 $36 {[%emt 0:05:30][%mdl 2048] Black is on the roll.} 29. Rd6 (29. Rb4 $142) 29... Ngf7 {[%emt 0:01:26][%cal Bg5f7,Bf7e5,Be5c4][%mdl 32] A dynamic duo of knights.} 30. Bxc6 Nxc6 (30... Nxd6 31. Bxa8 Qxa8 32. cxd6 $19) 31. Rxc6 Ne5 32. Rd6 Nc4 33. Rd7 {[%emt 0:01:38] [#] Threatens to win with Ne4.} Qxc5 {[%emt 0:02:06][%cal Oc4b2] ...Nxb2! would now be deadly.} (33... Nxb2 {simplifies} 34. Qxb2 Qxc5 35. Rd4 Rc8) 34. Nd5 $2 {[%emt 0:01:24][%mdl 8192] White does not recover from this.} (34. Ne4 $17 Qf5 (34... Qxe3+ 35. Qxe3 Nxe3 36. Bxf6 $11) 35. Qd3) 34... Nxb2 $1 $19 (34... Nxa3 35. Qg4 Qf8 36. Nxf6+ (36. Bxf6 Qf7 37. Rxf7 Kxf7 38. e4 gxf6 39. Qd7+ Kg6 40. Qf5+ Kh6 41. Qxf6+ Kh5 42. h3 Bxd5 43. g4#) (36. Bxa3 f5 $18) 36... Kh8 37. Nh5) 35. Qg4 Qc1+ (35... Bxd5 36. Qxg7#) 36. Kg2 Bxd5+ 37. Rxd5 Qc6 ({Not} 37... Qxe3 38. Rd7 Qg5 (38... Qxa3 39. Qxg7#) 39. Qb4 $17) 38. e4 Nc4 {[%emt 0:00:10] [#] ( -> ...Ne3+)} 39. Kh3 Ne3 40. Qd7 Qxd7+ (40... Qc2 $142 41. Rd2 Qxe4 42. Rc2 f5 (42... Qxc2 $2 43. Qe6+ Kh8 44. Qxe3 $19) (42... Nxc2 {is a self mate.} 43. Qd2 Qf5+ 44. Kg2 Re8 45. Qf4 Ne3+ 46. Kf3 Qd5+ 47. Qe4 Qxe4+ 48. Kf2 Qg2+ 49. Ke1 Nf1+ 50. Kd1 Qd2#) 43. Rc8+ Rxc8 44. Qxc8+ Kf7 45. Qc7+ Kg6 (45... Qe7 $2 46. Qxe7+ Kxe7 47. Kh4 $19) 46. Qb6+ Kh5 47. Qxe3 Qxe3 48. Kg2 Qe2+ (48... Qxa3 {gets mated.} 49. h3 Qd3 50. Kh2 a3 51. Kg2 a2 52. Kf2 a1=Q 53. g4+ Kh4 54. gxf5 Qaf1#) 49. Kg1 Kg4 50. h4 Kxg3 51. Kh1 Qh2#) 41. Rxd7 Ra5 {[%emt 0:30:54] Weighted Error Value: White=1.02/Black=0.47.  Loses game:     	White=1     	---        Mistake:       	White=3     	---        Inaccurate:     	White=2     	Black=2      OK:         	White=7     	Black=6      Best:        	---       	Black=2      Strong:       	---       	Black=1} 0-1

[Event "45th FIDE Olympiad 2024"]
[Site "Budapest"]
[Date "2024.09.18"]
[Round "7.52"]
[White "Elizee, Kaieem"]
[Black "Semedo, Adelino"]
[Result "1-0"]
[WhiteElo "1701"]
[BlackElo "1827"]
[PlyCount "51"]
[EventDate "2024.09.05"]
[EventType "team-tourn"]
[EventCountry "HUN"]
[WhiteTeam "Saint Lucia"]
[BlackTeam "Sao Tome and Principe"]
[BlackTeamCountry "SAO"]
[TimeControl "40/5400+30:1800+30"]

1. d4 d5 2. c4 e6 3. Nf3 Nf6 4. Bg5 h6 5. Bh4 c5 6. cxd5 exd5 7. e3 Nc6 8. Be2 c4 9. O-O Be7 10. b3 cxb3 11. Qxb3 O-O 12. Nc3 Na5 13. Qc2 Be6 14. Ne5 Rc8 15. Qb2 Ne4 16. Bxe7 Qxe7 17. Rac1 f6 18. Ng6 Qf7 19. Nxf8 Rxf8 20. Nxe4 dxe4 21. Rc2 Qg6 22. Rfc1 f5 23. d5 Bd7 24. Bb5 Qd6 25. Bxd7 Qxd7 26. Rc7 1-0